 Dungeon Crawl Stone Soup version 0.22-a0-538-g76cc104 (webtiles) character file.

1063 inc the Chiller (level 8, -7/46 HPs)
             Began as an Octopode Ice Elementalist on June 23, 2018.
             Killed by divine providence
             ... invoked by an orc priest
              (14 damage)
             ... on level 5 of the Dungeon.
             The game lasted 00:14:23 (7186 turns).

inc the Chiller (Octopode Ice Elementalist)         Turns: 7186, Time: 00:14:23

Health: -7/46      AC:  1    Str:  7    XL:     8   Next: 27%
Magic:  4/14       EV: 13    Int: 25    God:
Gold:   301        SH:  0    Dex: 13    Spells: 3/15 levels left

rFire    . . .     SeeInvis .   k - +3 short sword (freeze)
rCold    . . .     Gourm    .   (no shield)
rNeg     . . .     Faith    .   (helmet restricted)
rPois    .         Spirit   .   (no amulet)
rElec    .         Reflect  .   d - +6 ring of intelligence
rCorr    .         Harm     .   v - ring of ice
MR       .....                  l - ring of fire
Stlth    ++++......             x - ring of wizardry
HPRegen  0.15/turn              y - ring of stealth
MPRegen  0.14/turn              (no ring)
                                (no ring)
                                (no ring)

@: very slightly contaminated
A: almost no armour, stealthy swim, amphibious, 8 rings, constrict 8, camouflage
1, gelatinous body 1
a: no special abilities


You were on level 5 of the Dungeon.
You were not hungry.

You visited 1 branch of the dungeon, and saw 6 of its levels.

You collected 301 gold pieces.

Inventory:

Hand Weapons
 c - a +0 short sword
 k - a +3 short sword of freezing (weapon)
Armour
 w - a +1 shield
Jewellery
 d - a +6 ring of intelligence (left tentacle)
 l - a ring of fire (on tentacle)
 o - a -2 ring of dexterity
 v - a ring of ice (right tentacle)
 x - a ring of wizardry (on tentacle)
 y - a ring of stealth (on tentacle)
Wands
 r - a wand of flame (54)
 E - a wand of iceblast (9)
Scrolls
 a - 3 scrolls of teleportation
 f - 2 scrolls of fog
 g - 2 scrolls of remove curse
 m - a scroll of fear
 t - a scroll of enchant armour
 u - a scroll of identify
Potions
 e - 3 potions of lignification
 h - a potion of cancellation {unknown}
 i - a potion of berserk rage
 j - a potion of heal wounds
 n - a potion of haste {unknown}
 p - a potion of ambrosia {unknown}
 q - 2 potions of curing {unknown}
 s - a potion of brilliance {unknown}
 A - a potion of resistance {unknown}
 B - a potion of invisibility {unknown}
Comestibles
 b - 7 rations
 z - 3 chunks of flesh


   Skills:
 - Level 2.0 Dodging
 - Level 2.6 Stealth
 + Level 4.4 Spellcasting
 - Level 5.0 Conjurations
 - Level 4.8 Summonings
 - Level 5.2 Ice Magic


You had 3 spell levels left.
You knew the following spells:

 Your Spells              Type           Power        Failure   Level  Hunger
a - Freeze                Ice            ####         1%          1    None
b - Ozocubu's Armour      Chrm/Ice       ####....     3%          3    ##.....
c - Throw Icicle          Conj/Ice       #####...     4%          4    ####...
d - Summon Ice Beast      Ice/Summ       #####...     4%          4    ####...

Your spell library contained the following spells:

 Spells                   Type           Power        Failure   Level  Hunger
 Fireball                 Conj/Fire      ####......   32%         5    #####..
 Conjure Flame            Conj/Fire      ####....     4%          3    ##.....
 Throw Flame              Conj/Fire      ####..       1%          2    None
 Throw Frost              Conj/Ice       #####.       1%          2    None
 Sticky Flame             Conj/Fire      ####....     12%         4    ####...
 Flame Tongue             Conj/Fire      ####.        1%          1    None
 Inner Flame              Hex/Fire       #.......     11%         3    ##.....


Dungeon Overview and Level Annotations

Branches:
Dungeon (6/15)
 Temple: D:4-7

Altars:
Makhleb
Vehumet


Innate Abilities, Weirdness & Mutations

You cannot wear most types of armour.
You are very stealthy in the water. (Stealth+)
You are amphibious.
You can wear up to eight rings at the same time.
You can use your tentacles to constrict eight enemies at once.
Your skin changes colour to match your surroundings (Stealth+).
Your rubbery body absorbs attacks. (AC +1, EV +1)


Message History

You kill the orc!
The orc priest invokes the aid of Beogh against you.
Beogh smites you!
The orc priest calls down the wrath of Beogh upon you.
Beogh smites you!
An orc comes into view. It is wielding a whip.
The orc priest invokes the aid of Beogh against you.
Pain shoots through your body!
* * * LOW HITPOINT WARNING * * *
The orc priest looks braver for a moment.
You see here a mace.
You see here a hand axe.
Items here: )) [ † a flail; a war axe; a ring mail; an orc corpse
Things that are here:
a trident; a robe; the orc corpse of Blork the orc The orc priest casts a cantrip, but nothing happens.
The orc priest calls down the wrath of Beogh upon you.
Beogh smites you!
You die...

.#.....##...##.# #.#
Y#....########.# #.# #######
#.# #o# # ### #.# #.# ##.##
#.# #o# ###.#.#######.# #.#
##..###........# #.#
...#.#.############# #.#
#####.....[..>..@..########.#
##############....)o)o).#
############


You could see an orc priest.

Vanquished Creatures
  An ogre (D:4)
  3 big kobolds (D:5)
  A bullfrog (D:5)
  Blork the orc (D:5)
  A scorpion (D:4)
  A crimson imp (D:3)
  A jelly (D:5)
  2 orc wizards (D:4)
  Ijyb (D:5)
  A worker ant (D:4)
  A hound zombie (D:6)
  3 gnolls (D:2)
  4 adders
  A shadow imp (D:5)
  2 oozes
  An adder skeleton (D:5)
  A worm (D:2)
  3 dart slugs
  6 leopard geckos
  16 orcs
  A ball python (D:5)
  8 giant cockroaches
  8 goblins
  8 hobgoblins
  3 jackals (D:2)
  8 kobolds
  2 quokkas (D:2)
  6 bats
  6 frilled lizards
  A leopard gecko skeleton (D:5)
  4 rats
106 creatures vanquished.

Vanquished Creatures (collateral kills)
  An orc warrior (D:6)
  2 ogres (D:5)
  A big kobold (D:5)
  An iguana (D:5)
  An orc (D:6)
6 creatures vanquished.

Vanquished Creatures (others)
  7 fungi (D:5)
  9 toadstools (D:5)
16 creatures vanquished.

Grand Total: 128 creatures vanquished

Notes
Turn   | Place    | Note
-------+----------+-------------------------------------------
     0 | D:1      | inc the Octopode Ice Elementalist began the quest for the Orb.
     0 | D:1      | Reached XP level 1. HP: 11/11 MP: 3/3
    70 | D:1      | Reached XP level 2. HP: 10/17 MP: 1/5
   724 | D:1      | Reached XP level 3. HP: 19/21 MP: 6/6
  1160 | D:1      | Learned a level 3 spell: Ozocubu's Armour
  1668 | D:2      | Reached XP level 4. HP: 22/27 MP: 7/7
  2432 | D:3      | Learned a level 4 spell: Throw Icicle
  2492 | D:3      | Noticed a phantom
  2513 | D:3      | Found a radiant altar of Vehumet.
  2514 | D:3      | Found a burning altar of Makhleb.
  2523 | D:3      | Reached XP level 5. HP: 30/31 MP: 1/8
  3091 | D:3      | Found a faded altar of an unknown god.
  3915 | D:4      | Reached XP level 6. HP: 23/36 MP: 3/9
  4697 | D:4      | Reached skill level 5 in Conjurations
  4697 | D:4      | Reached skill level 5 in Ice Magic
  4955 | D:5      | Entered Level 5 of the Dungeon
  5013 | D:5      | Reached XP level 7. HP: 10/41 MP: 1/11
  5032 | D:5      | Noticed Ijyb
  5381 | D:5      | Learned a level 4 spell: Summon Ice Beast
  5435 | D:5      | Reached skill level 1 in Summonings
  6208 | D:5      | Noticed a slime creature
  6263 | D:5      | Noticed a slime creature
  6415 | D:5      | Reached XP level 8. HP: 46/46 MP: 9/13
  6556 | D:5      | Killed Ijyb
  6749 | D:5      | Noticed Blork the orc
  7054 | D:5      | Killed Blork the orc
  7186 | D:5      | Killed from afar by an orc priest

Vault maps used:
D:1:      mrwooster_arrival_statue_2, st_stairs_3
D:3:      grunt_temple_overflow_lords_of_destruction,
          chequers_ecumenical_altar_simple
D:4:      first_ration
D:5:      cheibrodos_fertilizer, serial_bayou_ford_a, serial_park_tiny_1,
          uniq_ijyb, uniq_blork_the_orc
D:6:      minmay_temple_entry_trees, kennysheep_dice, uniq_crazy_yiuf_cottage

Skill      XL: |  1  2  3  4  5  6  7  8 |
---------------+-------------------------+-----
Ice Magic      | 4 5 |  5.2
Conjurations   | 2 3 5 |  5.0
Spellcasting   | 3 4 |  4.4
Summonings     | 4 |  4.8
Dodging        | |  2.0
Stealth        | |  2.6

Action                   |  1- 3 |  4- 6 |  7- 9 || total
-------------------------+-------+-------+-------++-------
Melee: Unarmed           |    20 |       |       ||    20
       Constrict         |    20 |    22 |    10 ||    52
       Short sword       |    44 |    58 |    46 ||   148
       Tentacles         |     7 |    10 |     4 ||    21
 Cast: Freeze            |    17 |    42 |    11 ||    70
       Ozocubu's Armour  |       |     6 |     5 ||    11
       Throw Icicle      |       |     1 |    13 ||    14
       Summon Ice Beast  |       |       |     6 ||     6
  Use: Scroll            |       |     6 |     6 ||    12
 Stab: Sleeping          |     8 |     5 |     4 ||    17
       Distracted        |       |     1 |       ||     1
  Eat: Chunk             |     2 |    11 |     4 ||    17
       Ration            |       |       |     2 ||     2
Armor: Skin              |    12 |     6 |     5 ||    23
Dodge: Dodged            |    48 |    47 |    27 ||   122

Table legend:
 A = Spawn XP
 B = Non-spawn XP
 C = Spawn XP percentage of total XP
 D = Spawn monster count
 E = Non-spawn monster count
 F = Spawn count percentage of total count
 G = Total turns spent on level
                    A         B        C        D         E        F      G
               +---------+---------+-------+---------+---------+-------+---------
         Total |       0 |    1519 |   0.0 |       0 |     112 |   0.0 |  7186
               +---------+---------+-------+---------+---------+-------+---------
           D:1 |       0 |      53 |   0.0 |       0 |      26 |   0.0 |  1585
           D:2 |       0 |     127 |   0.0 |       0 |      29 |   0.0 |  1308
           D:3 |       0 |      74 |   0.0 |       0 |      12 |   0.0 |   887
           D:4 |       0 |     341 |   0.0 |       0 |      12 |   0.0 |  1419
           D:5 |       0 |     806 |   0.0 |       0 |      29 |   0.0 |  1917
           D:6 |       0 |     118 |   0.0 |       0 |       4 |   0.0 |    70
               +---------+---------+-------+---------+---------+-------+---------
